[Event "Titled Tuesday Blitz May 16 Early 2023"]
[White "RobertDowneyJr0111"]
[Black "Krsnik Cohar, Ivan Vihor"]
[BlackFideId "14520044"]
[WhiteElo "2614"]
[BlackElo "2414"]
[Result "0-1"]
[Round "10"]
[TimeControl "180+2"]
[Date "2023.05.16"]
[WhiteClock "0:00:00"]
[BlackClock "0:00:02"]

1. e4 c5 2. Nf3 g6 3. d4 cxd4 4. Nxd4 Nf6 5. Nc3 Nc6 6. Nxc6 bxc6 7. e5 Nh5 8. Bc4 Ng7 9. O-O Ne6 10. f4 d5 11. exd6 Qxd6 12. Be3 Bg7 13. Ne4 Qb4 14. Qd3 O-O 15. c3 Qxb2 16. Rab1 Qa3 17. f5 gxf5 18. Ng3 f4 19. Bxf4 Nxf4 20. Rxf4 Qxc3 21. Qe4 e5 22. Rxf7 Rxf7 23. Rf1 Qd4+ 24. Qxd4 exd4 25. Rxf7 Kh8 26. Nh5 Bh6 27. Bd3 Kg8 28. Rxh7 Be3+ 29. Kh1 Rb8 30. Nf6+ Kf8 31. h3 Bg5 32. Rh8+ Kg7 33. Rg8+ Kxf6 34. Rg6+ Ke7 35. Rxg5 Be6 36. Ra5 Rb7 37. g4 Kd6 38. Kg2 Rb2+ 39. Kg3 Rd2 40. Be4 Re2 41. Kf4 Rf2+ 42. Kg5 Re2 43. Bd3 Re3 44. Bf5 Rxh3 0-1


[Site "https://www.chess.com"]

[Event "Titled Tuesday Blitz May 16 Early 2023"]
[White "surrenderPLS"]
[Black "Ismagilov, Damir"]
[BlackFideId "34199982"]
[WhiteElo "2520"]
[BlackElo "2143"]
[Result "1-0"]
[Round "10"]
[TimeControl "180+2"]
[Date "2023.05.16"]
[WhiteClock "0:01:48"]
[BlackClock "0:00:12"]

1. e4 Nc6 2. Nf3 e5 3. Nc3 Nf6 4. Be2 g6 5. d4 exd4 6. Nxd4 Bg7 7. Be3 O-O 8. O-O d5 9. exd5 Nxd5 10. Nxd5 Nxd4 11. Bxd4 Qxd5 12. Bxg7 Qxd1 13. Raxd1 Kxg7 14. Bf3 c6 15. Rd6 Be6 16. a3 Kf6 17. Rfd1 Ke7 18. g3 Rad8 19. Rxd8 Rxd8 20. Rxd8 Kxd8 21. Kg2 Ke7 22. Be4 Kd6 23. f4 Kc5 24. Kf3 Kd4 25. c3+ Kc4 26. Bc2 Bf5 27. Bxf5 gxf5 28. g4 Kb3 29. gxf5 Kxb2 30. Kg4 f6 31. Kh5 Kxc3 32. Kh6 Kb3 33. Kg7 c5 34. Kxf6 c4 35. Kg7 c3 36. f6 c2 37. f7 c1=Q 38. f8=Q Qg1+ 39. Kxh7 Qxh2+ 40. Qh6 Qc2+ 41. Kg7 Kxa3 42. Qd6+ Ka4 43. Qd7+ b5 44. Qxa7+ Kb3 45. Qe3+ Ka4 46. Qa7+ Kb3 47. Qf7+ Ka3 48. f5 b4 49. f6 Qg2+ 50. Qg6 Qb2 51. Kg8 b3 52. f7 Qe2 53. f8=Q+ Ka2 54. Qa8+ Kb2 55. Qg7+ Kc2 56. Qag2 Qxg2 57. Qxg2+ Kb1 58. Qe4+ Ka2 59. Qa4+ Kb2 60. Kf7 Kc3 61. Qc6+ Kd2 62. Qd5+ Kc2 63. Qc4+ Kb2 64. Ke6 Ka1 65. Qa4+ Kb2 66. Kd5 Kc2 67. Kc4 Kc1 68. Qxb3 Kd2 69. Qf3 1-0


[Site "https://www.chess.com"]

[Event "Titled Tuesday Blitz May 16 Early 2023"]
[White "Camilla_Lee"]
[Black "Reprintsev, Alexander"]
[BlackFideId "14100541"]
[WhiteElo "2603"]
[BlackElo "2218"]
[Result "0-1"]
[Round "10"]
[TimeControl "180+2"]
[Date "2023.05.16"]
[WhiteClock "0:01:38"]
[BlackClock "0:01:32"]

1. e4 d5 2. exd5 Qxd5 3. Nc3 Qa5 4. d4 Nf6 5. Nf3 Nc6 6. Bb5 Ne4 7. Bxc6+ bxc6 8. Bd2 Nxc3 9. Bxc3 Qd5 10. O-O Bg4 11. h3 Bxf3 12. Qxf3 Qxf3 13. gxf3 e6 14. a4 Rb8 15. b3 Kd7 16. Rfe1 Bd6 17. a5 Rb5 18. Re4 Rf5 19. Kg2 Rb8 20. a6 Rbb5 21. Bd2 Rf6 22. f4 Rbf5 23. Kg3 g5 24. c4 Bxf4+ 25. Bxf4 Rxf4 26. Rxf4 Rxf4 27. Rd1 h6 28. d5 exd5 29. cxd5 c5 30. Re1 Rd4 31. Re5 Rd3+ 32. Kg4 Rxb3 33. Rf5 c4 34. Rxf7+ Kd6 35. Rf6+ Kxd5 36. Rxh6 c3 37. Rh7 c2 38. Rxc7 Rb4+ 39. Kxg5 Rc4 0-1


[Site "https://www.chess.com"]

[Event "Titled Tuesday Blitz May 16 Early 2023"]
[White "wqws"]
[Black "Yurasova, Daria"]
[BlackFideId "34146919"]
[WhiteElo "2599"]
[BlackElo "2109"]
[Result "1-0"]
[Round "10"]
[TimeControl "180+2"]
[Date "2023.05.16"]
[WhiteClock "0:00:41"]
[BlackClock "0:00:01"]

1. e4 e5 2. f4 exf4 3. Nf3 Nf6 4. Nc3 Bb4 5. e5 Qe7 6. Be2 Ng4 7. O-O Nxe5 8. Nxe5 Qxe5 9. d4 Qa5 10. Bxf4 Bxc3 11. bxc3 O-O 12. Bd3 Nc6 13. d5 Ne7 14. c4 Ng6 15. Bg3 d6 16. h4 Qc3 17. h5 Ne5 18. h6 Nxd3 19. hxg7 Re8 20. Qxd3 Qxd3 21. cxd3 Bg4 22. Bf4 Be2 23. Rfb1 b6 24. Rb3 a5 25. Kf2 Bh5 26. Be3 Kxg7 27. Rh1 Bg6 28. Bd4+ Kg8 29. Rh3 f5 30. Rf3 Re7 31. Bf6 Rf7 32. Bg5 Kg7 33. d4 Re8 34. Rbe3 Re4 35. Rxe4 fxe4 36. Rxf7+ Kxf7 37. Bd8 Ke8 38. Bxc7 Kd7 39. Bxb6 a4 40. Ke3 h5 41. a3 Bf5 42. c5 Bg6 43. c6+ Kc8 44. Kf4 Bh7 45. Ba5 Bg6 46. Bb4 Kc7 47. Be1 Bh7 48. Ba5+ Kc8 49. Kg5 Bg8 50. Kxh5 Bxd5 51. c7 e3 52. g4 e2 53. g5 e1=Q 54. Bxe1 Kxc7 55. Bb4 Kd7 56. g6 Ke7 57. Kh6 Kf6 58. Bxd6 Bg8 59. Be5+ Ke7 60. Kg7 Bd5 61. Kh8 Kd7 62. g7 1-0


[Site "https://www.chess.com"]

[Event "Titled Tuesday Blitz May 16 Early 2023"]
[White "Golubev, Mikhail"]
[Black "HamedWafa4"]
[WhiteFideId "14100983"]
[WhiteElo "2374"]
[BlackElo "2597"]
[Result "1-0"]
[Round "10"]
[TimeControl "180+2"]
[Date "2023.05.16"]
[WhiteClock "0:00:59"]
[BlackClock "0:00:53"]

1. e4 e5 2. Nf3 Nc6 3. Bc4 Bc5 4. c3 Nf6 5. d4 exd4 6. cxd4 Bb4+ 7. Nbd2 Nxe4 8. d5 Ne7 9. O-O Nxd2 10. Nxd2 Bxd2 11. Bxd2 d6 12. h4 O-O 13. h5 h6 14. Re1 Nf5 15. Bd3 Qh4 16. Rc1 Nd4 17. Re4 Qf6 18. Bc3 Bf5 19. Rxd4 Qg5 20. Bxf5 Qxf5 21. Qg4 Qxg4 22. Rxg4 f6 23. Rc4 Rfe8 24. Rxc7 Re2 25. Rxb7 Rae8 26. Rxa7 R8e4 27. Kf1 Re8 28. Re1 1-0


[Site "https://www.chess.com"]

[Event "Titled Tuesday Blitz May 16 Early 2023"]
[White "Sebag, Marie"]
[Black "Przybylski, Wojciech"]
[WhiteFideId "617822"]
[BlackFideId "1117599"]
[WhiteElo "2431"]
[BlackElo "2222"]
[Result "1/2-1/2"]
[Round "10"]
[TimeControl "180+2"]
[Date "2023.05.16"]
[WhiteClock "0:00:03"]
[BlackClock "0:00:04"]

1. c4 e5 2. Nc3 Nf6 3. g3 Bb4 4. Bg2 O-O 5. Nf3 d6 6. O-O c6 7. d3 Re8 8. Bg5 h6 9. Bxf6 Qxf6 10. Ne4 Qe7 11. a3 Ba5 12. b4 Bc7 13. Nc3 Nd7 14. Rb1 f5 15. Nd2 Nf6 16. b5 Bd7 17. bxc6 bxc6 18. Qa4 d5 19. cxd5 cxd5 20. Qb3 Rab8 21. Nxd5 Nxd5 22. Qxd5+ Be6 23. Qc6 Kh7 24. Rb7 Rxb7 25. Qxb7 Bd6 26. Qb5 Rb8 27. Qa5 Bc5 28. h4 Rb2 29. e3 Bxa3 30. Nc4 Bxc4 31. dxc4 Qc5 32. Qd8 Qxc4 33. Bd5 Rb8 34. Qxb8 Qxd5 35. Qxa7 Bd6 36. Qa1 f4 37. Qd1 Qe6 38. exf4 exf4 39. Re1 Qf6 40. Qd3+ Kg8 41. Qd5+ Kh7 42. Qe4+ Kh8 43. Qe8+ Kh7 44. Qe4+ Kh8 45. Kg2 fxg3 46. fxg3 Qb2+ 47. Re2 Qf6 48. Qe6 Qd4 49. Qe8+ Kh7 50. Qe4+ Qxe4+ 51. Rxe4 Bc5 52. Re6 Bd4 53. Kf3 Bc3 54. h5 Bd4 55. Ke4 Bf2 56. Kf3 Bd4 57. Kg4 Bc3 58. Kf5 Bd4 59. g4 Bc3 60. g5 hxg5 61. Kxg5 Bb2 62. Rc6 Bd4 63. Rc7 Be3+ 64. Kg4 Bd2 65. Rd7 Be3 66. Re7 Bd2 67. Re6 Bc1 68. Rg6 Bd2 69. Kf5 Bc3 70. Ke6 Bf6 71. Kf7 Bd4 72. Rg4 Bc3 73. Rg6 Bd4 74. Rg4 Bc3 75. Rg2 Be5 76. Rc2 Bd4 77. Re2 Bc3 78. Re4 Bb2 79. Rc4 Ba1 80. Ra4 Bc3 81. Ra6 Bb2 82. Rc6 Bd4 83. Rd6 Bb2 84. Re6 Bc3 85. Re3 Bd4 86. Rg3 Be5 87. Rg4 Bc3 1/2-1/2


[Site "https://www.chess.com"]

[Event "Titled Tuesday Blitz May 16 Early 2023"]
[White "Gheorghiu, Calin"]
[Black "Zavortink, Matt"]
[WhiteFideId "1200305"]
[BlackFideId "2034263"]
[WhiteElo "2223"]
[BlackElo "2458"]
[Result "1/2-1/2"]
[Round "10"]
[TimeControl "180+2"]
[Date "2023.05.16"]
[WhiteClock "0:00:05"]
[BlackClock "0:00:22"]

1. e4 e6 2. d4 d5 3. Nc3 Nf6 4. e5 Nfd7 5. f4 c5 6. Nf3 Nc6 7. Be3 cxd4 8. Nxd4 Qb6 9. Qd2 Qxb2 10. Rb1 Qa3 11. Bb5 Nxd4 12. Bxd4 a6 13. Bxd7+ Bxd7 14. Rxb7 Bb4 15. O-O Bc8 16. Rc7 Qa5 17. a3 Qxc7 18. axb4 O-O 19. f5 exf5 20. Nxd5 Qb7 21. Bc5 Be6 22. Bxf8 Qxd5 23. Qxd5 Bxd5 24. Bc5 Be4 25. c3 a5 26. b5 Bd3 27. Rf3 Bxb5 28. Rxf5 a4 29. Ba3 Rd8 30. h3 Rd1+ 31. Kh2 g6 32. Rf3 Rd3 33. Rxd3 Bxd3 34. Kg3 Kg7 35. Kf4 f6 36. exf6+ Kxf6 37. g4 g5+ 38. Kg3 h6 39. h4 gxh4+ 40. Kxh4 Kg6 41. Bc5 Bc4 42. Bb4 Bb3 43. Bc5 Bc4 44. Bb4 Kf6 45. Bc5 Ke6 46. Kh5 Be2 47. Kxh6 Bxg4 48. Bb4 Kd5 49. Kg5 Be2 50. Kf4 Kc4 51. Ke3 Bd1 52. Kd2 Bh5 53. Kc1 Bg6 1/2-1/2


[Site "https://www.chess.com"]

[Event "Titled Tuesday Blitz May 16 Early 2023"]
[White "Avazkhonov, Alikhon"]
[Black "Bodnaruk, Anastasia"]
[WhiteFideId "14208504"]
[BlackFideId "4181751"]
[WhiteElo "1739"]
[BlackElo "2304"]
[Result "0-1"]
[Round "10"]
[TimeControl "180+2"]
[Date "2023.05.16"]
[WhiteClock "0:00:00"]
[BlackClock "0:00:15"]

1. e4 c5 2. Nf3 d6 3. d4 cxd4 4. Nxd4 Nf6 5. Nc3 a6 6. Bg5 Nbd7 7. Bc4 Qb6 8. a3 Qc5 9. Bd5 e6 10. Bxf6 Nxf6 11. Bb3 Be7 12. Qd2 O-O 13. O-O-O b5 14. f3 Bd7 15. g4 a5 16. g5 Nh5 17. Rhg1 a4 18. Ba2 b4 19. axb4 Qxb4 20. Nb1 Qb6 21. Na3 Rab8 22. Nc4 Qb7 23. c3 Rfc8 24. Ne2 Rc5 25. Qc2 d5 26. exd5 exd5 27. Ne5 Be6 28. Nd4 Bd6 29. Nxe6 fxe6 30. Nd3 Rb5 31. Rg4 a3 32. b4 Rc8 33. Kd2 Kh8 34. Rb1 Rf8 35. Ke2 d4 36. Ne1 Nf4+ 37. Rxf4 Bxf4 38. c4 Rxg5 39. c5 Be3 40. c6 Qc7 41. b5 Qxh2+ 42. Kd3 Qh3 43. c7 Qf5+ 44. Ke2 Rg2+ 0-1


[Site "https://www.chess.com"]

[Event "Titled Tuesday Blitz May 16 Early 2023"]
[White "egorchess95"]
[Black "Omariev, Maksim"]
[BlackFideId "4193423"]
[WhiteElo "2566"]
[BlackElo "2428"]
[Result "1-0"]
[Round "10"]
[TimeControl "180+2"]
[Date "2023.05.16"]
[WhiteClock "0:00:06"]
[BlackClock "0:00:03"]

1. e4 c5 2. Nf3 d6 3. d4 cxd4 4. Qxd4 a6 5. Be3 Nc6 6. Qb6 Qxb6 7. Bxb6 Nf6 8. Nc3 e6 9. O-O-O Be7 10. Bc7 Kd7 11. Bxd6 Bxd6 12. e5 Nxe5 13. Nxe5+ Ke7 14. Rxd6 Kxd6 15. Nxf7+ Ke7 16. Nxh8 Bd7 17. Ng6+ hxg6 18. Bd3 g5 19. h3 g4 20. hxg4 Nxg4 21. Rh7 Kf7 22. Ne4 Bc6 23. f3 Nh6 24. g4 Kg8 25. Nf6+ Kf7 26. g5 Nf5 27. Ng4 Kg6 28. Rh3 Kxg5 29. Ne5 Rc8 30. Rh1 Kf4 31. Re1 Bd5 32. Ng6+ Kg3 33. f4 Nd4 34. Rg1+ Kf2 35. Rf1+ Kg2 36. Nh4+ Kg3 37. Ng6 Rc7 38. Ne5 Nf3 39. Nxf3 Bxf3 40. Kd2 Rc5 41. Ke3 Bd5 42. Rg1+ Kh4 43. Rxg7 Bxa2 44. Rh7+ Kg4 45. Rxb7 Bd5 46. Rg7+ Kh5 47. Kd4 Ra5 48. c4 Ra4 49. b3 Rb4 50. Kc3 a5 51. cxd5 exd5 52. Rg5+ Kh6 53. Rxd5 Rxf4 54. Rxa5 Kg7 55. Rc5 Kf7 56. Rc4 Rf6 57. b4 Ke7 58. b5 Kd8 59. Kb4 Kd7 60. Be4 Kd8 61. Kc5 Rf7 62. Kb6 Rd7 63. Bc6 Re7 64. Rh4 Kc8 65. Rh8+ Re8 66. Rxe8# 1-0


[Site "https://www.chess.com"]

[Event "Titled Tuesday Blitz May 16 Early 2023"]
[White "Sargissyan, Sargis"]
[Black "Sharapov, Evgeny"]
[WhiteFideId "13303210"]
[BlackFideId "14103133"]
[WhiteElo "2109"]
[BlackElo "2367"]
[Result "1-0"]
[Round "10"]
[TimeControl "180+2"]
[Date "2023.05.16"]
[WhiteClock "0:00:29"]
[BlackClock "0:00:41"]

1. e4 c5 2. Nf3 d6 3. d4 cxd4 4. Nxd4 Nf6 5. Nc3 Nc6 6. Bg5 e6 7. Qd2 Be7 8. O-O-O O-O 9. f4 Nxd4 10. Qxd4 Qa5 11. Kb1 Rd8 12. Be2 Bd7 13. e5 dxe5 14. fxe5 Nd5 15. Bxe7 Nxe7 16. Bd3 Bb5 17. Bxh7+ Kxh7 18. Qh4+ Kg8 19. Qxe7 Bc6 20. Rhf1 Rxd1+ 21. Nxd1 Rf8 22. Qg5 f6 23. Qg3 Qxe5 24. Qxe5 fxe5 25. Rxf8+ Kxf8 26. Ne3 Kf7 27. c4 Kf6 28. Kc2 a5 29. Kc3 b6 30. b3 e4 31. Kd4 e5+ 32. Kc3 Ke6 33. a3 Bb7 34. b4 axb4+ 35. axb4 Bc6 36. b5 Bb7 37. Kb4 Kd6 38. h4 g6 39. g4 Bc8 40. h5 gxh5 41. gxh5 Ke6 42. c5 bxc5+ 43. Kxc5 Kf6 44. Kc6 Kg5 45. Kc7 1-0


[Site "https://www.chess.com"]

[Event "Titled Tuesday Blitz May 16 Early 2023"]
[White "Weetik, Vjacheslav"]
[Black "Gurevich, Dmitry"]
[WhiteFideId "4153472"]
[BlackFideId "2000407"]
[WhiteElo "2469"]
[BlackElo "2506"]
[Result "0-1"]
[Round "10"]
[TimeControl "180+2"]
[Date "2023.05.16"]
[WhiteClock "0:00:00"]
[BlackClock "0:00:04"]

1. d4 Nf6 2. c4 a6 3. Nc3 c5 4. Nf3 cxd4 5. Nxd4 d5 6. Nf3 e6 7. cxd5 exd5 8. Bg5 Be7 9. e3 O-O 10. Be2 h6 11. Bh4 Nc6 12. O-O Be6 13. Nd4 Rc8 14. Rc1 Qd7 15. Na4 Nxd4 16. Qxd4 Qd6 17. a3 b5 18. Bg3 Qd8 19. Nc5 Rxc5 20. Rxc5 Bxc5 21. Qxc5 Ne4 22. Qc6 Nxg3 23. hxg3 Qf6 24. Qxa6 Qxb2 25. Bxb5 Rc8 26. a4 Rc3 27. Qa7 Ra3 28. Qc5 Ra2 29. Qd4 Qxd4 30. exd4 Bf5 31. Re1 Bc2 32. Re5 Bb3 33. g4 f6 34. Re8+ Kf7 35. Ra8 Kg6 36. Ra7 Bc2 37. Be8+ Kh7 38. a5 Bd3 39. f3 Bc4 40. Bd7 Kg6 41. Bf5+ Kg5 42. Rxg7+ Kf4 43. Kh2 Rxa5 44. g3+ Ke3 45. Kh3 Kxf3 0-1


[Site "https://www.chess.com"]

[Event "Titled Tuesday Blitz May 16 Early 2023"]
[White "UNSTOPPABLE_LEGEND"]
[Black "Hua, Lefong"]
[BlackFideId "2602253"]
[WhiteElo "2452"]
[BlackElo "2647"]
[Result "0-1"]
[Round "10"]
[TimeControl "180+2"]
[Date "2023.05.16"]
[WhiteClock "0:00:00"]
[BlackClock "0:00:06"]

1. c4 Nf6 2. Nc3 g6 3. e4 d6 4. d4 Bg7 5. h3 O-O 6. Be3 c5 7. Nf3 cxd4 8. Nxd4 Nc6 9. Be2 Bd7 10. O-O Nxd4 11. Bxd4 Bc6 12. Qc2 a5 13. Rad1 Nd7 14. b3 Bxd4 15. Rxd4 Qb6 16. Rfd1 Nc5 17. Qb1 Qb4 18. Nd5 Bxd5 19. cxd5 Qb6 20. Kh2 Rac8 21. f4 Nd7 22. Bg4 Rc7 23. h4 Nf6 24. Bf3 Rfc8 25. e5 Ne8 26. Bg4 dxe5 27. fxe5 Rd8 28. h5 Rc5 29. hxg6 Qxg6 30. Bf5 Qh6+ 31. Bh3 Ng7 32. Qe4 Qg6 33. Qf3 Kf8 34. Rf1 Qh5 35. Rg4 Qxe5+ 36. Kh1 Qxd5 37. Qg3 Qe5 38. Qh4 h5 39. Rgf4 f6 40. g4 Qg5 41. gxh5 Qxh4 42. Rxh4 Rxh5 43. Rxh5 Nxh5 44. Be6 Rd6 45. Re1 f5 46. Kg2 Rxe6 0-1


[Site "https://www.chess.com"]

[Event "Titled Tuesday Blitz May 16 Early 2023"]
[White "liwadas82"]
[Black "Kvaloy, Aksel Bu"]
[BlackFideId "1528815"]
[WhiteElo "2452"]
[BlackElo "2242"]
[Result "0-1"]
[Round "10"]
[TimeControl "180+2"]
[Date "2023.05.16"]
[WhiteClock "0:00:00"]
[BlackClock "0:00:52"]

1. e4 e5 2. Nf3 Nf6 3. Bc4 Nc6 4. d3 h6 5. c3 d6 6. Nbd2 g6 7. b4 Bg7 8. O-O O-O 9. a4 Kh8 10. a5 a6 11. h3 Nh7 12. Re1 f5 13. exf5 gxf5 14. Nf1 d5 15. Bb3 e4 16. dxe4 fxe4 17. Nd4 Nxd4 18. cxd4 c6 19. Be3 Qh4 20. Qd2 Ng5 21. Bxg5 hxg5 22. Nh2 Be6 23. Re3 Qf4 24. Bd1 Qf6 25. Rg3 Qxd4 26. Ra2 Qxd2 27. Rxd2 Be5 28. Rxg5 Bf4 29. Rh5+ Kg7 30. Rc2 Bd6 31. Rb2 Kg6 32. Bg4 Bxg4 33. hxg4 Rae8 34. Nf1 Re5 35. Rxe5 Bxe5 36. Re2 Kg5 37. Ne3 Bd4 38. Nf5 Be5 39. f3 Re8 40. Kf2 Bc3 41. fxe4 dxe4 42. Nd6 Bd4+ 43. Ke1 Bc3+ 44. Kf2 Rf8+ 45. Kg1 Bd4+ 46. Kh2 Be5+ 47. g3 Bxd6 48. Rxe4 Rf2+ 49. Kg1 Rb2 50. Rd4 Bxb4 51. Rd7 Kxg4 0-1


[Site "https://www.chess.com"]

[Event "Titled Tuesday Blitz May 16 Early 2023"]
[White "merinasian"]
[Black "Veiga, Jose Francisco R P Neves"]
[BlackFideId "1930087"]
[WhiteElo "2445"]
[BlackElo "2320"]
[Result "1-0"]
[Round "10"]
[TimeControl "180+2"]
[Date "2023.05.16"]
[WhiteClock "0:00:24"]
[BlackClock "0:00:43"]

1. d4 Nc6 2. Nf3 d5 3. g3 Bg4 4. Bg2 e6 5. O-O Nf6 6. c4 Be7 7. Ne5 O-O 8. Nxg4 Nxg4 9. e4 Nf6 10. cxd5 exd5 11. e5 Ne4 12. h4 f6 13. Nc3 Nxc3 14. bxc3 fxe5 15. dxe5 Nxe5 16. Qxd5+ Qxd5 17. Bxd5+ Kh8 18. Bxb7 Rab8 19. Bg2 Nf3+ 20. Bxf3 Rxf3 21. Be3 Bf6 22. Rab1 Re8 23. Bxa7 Rxc3 24. Rfe1 Rxe1+ 25. Rxe1 h5 26. Be3 Rc2 27. Rc1 Rxa2 28. Rxc7 Kh7 29. Kg2 Kg6 30. Rc5 Ra4 31. Kf3 Kh7 32. Rxh5+ Kg6 33. Rb5 Rc4 34. Bg5 Rc3+ 35. Kg4 Bd4 36. h5+ Kh7 37. f4 Bf2 38. Bh4 Rd3 39. Rb7 Kh6 40. Bg5+ Kh7 41. h6 Rxg3+ 42. Kf5 Bd4 43. hxg7 Ra3 44. Bf6 Ra5+ 45. Be5 Bxe5 46. fxe5 Ra6 47. e6 Ra1 48. Kf6 Rf1+ 49. Ke7 Kxg7 50. Kd8+ Kf6 51. e7 Rd1+ 52. Rd7 Ra1 53. Rd6+ Ke5 54. e8=Q+ Kxd6 55. Qg6+ Kc5 56. Qc2+ Kd5 57. Qd3+ Ke6 58. Qe4+ Kf7 59. Qf5+ Kg8 60. Qg6+ Kh8 61. Qf6+ 1-0


[Site "https://www.chess.com"]

[Event "Titled Tuesday Blitz May 16 Early 2023"]
[White "Bartel, Michal"]
[Black "Womacka, Mathias"]
[WhiteFideId "1119257"]
[BlackFideId "4611390"]
[WhiteElo "2282"]
[BlackElo "2377"]
[Result "0-1"]
[Round "10"]
[TimeControl "180+2"]
[Date "2023.05.16"]
[WhiteClock "0:00:30"]
[BlackClock "0:00:18"]

1. e4 c5 2. Ne2 Nc6 3. g3 e5 4. Bg2 g6 5. c3 Bg7 6. d3 Nge7 7. Be3 d6 8. Nd2 O-O 9. f4 Be6 10. Nf3 Qd7 11. Ng5 Bg4 12. h3 Bxe2 13. Qxe2 exf4 14. Bxf4 d5 15. O-O d4 16. c4 Ne5 17. Rf2 N7c6 18. a3 a6 19. Raf1 b5 20. cxb5 axb5 21. Nf3 c4 22. Nxe5 Nxe5 23. dxc4 bxc4 24. Qd2 d3 25. Rc1 Rac8 26. Kh1 Rfd8 27. Qa5 Qd4 28. Rcf1 c3 29. bxc3 Qxc3 30. Qa7 d2 31. Bxe5 Bxe5 32. Qxf7+ Kh8 33. Bf3 d1=Q 34. Rxd1 Rxd1+ 35. Bxd1 Qe1+ 36. Kg2 Qxd1 37. Qe7 Qd6 38. Qxd6 Bxd6 39. Rf3 Ra8 40. h4 Rxa3 41. Rf6 Bxg3 42. h5 Kg7 43. Rf3 Rxf3 44. Kxf3 Be5 45. Kg4 Kh6 46. Kh4 Bf6+ 47. Kg4 Be7 48. e5 Kg7 49. Kf4 Kf7 50. Ke4 Ke6 51. Kf4 g5+ 52. Kg4 Kxe5 53. h6 Ke4 54. Kh5 Ke5 55. Kg4 Kf6 56. Kh5 Kf7 57. Kg4 Kg6 58. Kh3 Kxh6 59. Kg4 Kg6 60. Kh3 h5 61. Kg2 Kf5 62. Kh1 g4 63. Kg2 Kf4 64. Kh1 h4 65. Kg2 Ke4 66. Kh1 Kf3 67. Kh2 g3+ 68. Kh1 g2+ 69. Kg1 Bc5+ 70. Kh2 Bf8 71. Kh3 Kf2 72. Kxh4 g1=Q 73. Kh5 Kf3 74. Kh4 Qg4# 0-1


[Site "https://www.chess.com"]

[Event "Titled Tuesday Blitz May 16 Early 2023"]
[White "Rottenwohrer Suarez, Juan"]
[Black "Mortazavi, Ali"]
[WhiteFideId "32068182"]
[BlackFideId "401323"]
[WhiteElo "2174"]
[BlackElo "2339"]
[Result "1-0"]
[Round "10"]
[TimeControl "180+2"]
[Date "2023.05.16"]
[WhiteClock "0:00:24"]
[BlackClock "0:00:49"]

1. Nf3 Nf6 2. g3 g6 3. Bg2 Bg7 4. O-O O-O 5. c4 d6 6. d4 Nbd7 7. Nc3 e5 8. e4 c6 9. h3 Qa5 10. Rb1 exd4 11. Nxd4 Qc7 12. Be3 Re8 13. Qc2 a5 14. Rbd1 Nc5 15. Ndb5 cxb5 16. Nxb5 Qe7 17. Nxd6 Ne6 18. e5 Nd7 19. Nxe8 Qxe8 20. f4 Ndf8 21. c5 Rb8 22. Rd6 Nc7 23. c6 bxc6 24. Rxc6 Nce6 25. Rd6 Bb7 26. Bxb7 Rxb7 27. b3 Qb5 28. Rfd1 a4 29. bxa4 Qb4 30. Bd2 Qa3 31. Rd3 Qe7 32. a5 Rc7 33. Rc3 Rd7 34. Be3 Qb4 35. Rxd7 Nxd7 36. Rc8+ Nef8 37. a6 Qa3 38. Qe2 1-0


[Site "https://www.chess.com"]

[Event "Titled Tuesday Blitz May 16 Early 2023"]
[White "Kielinkei"]
[Black "Gontcharov, Vladislav"]
[BlackFideId "4123492"]
[WhiteElo "2432"]
[BlackElo "2420"]
[Result "0-1"]
[Round "10"]
[TimeControl "180+2"]
[Date "2023.05.16"]
[WhiteClock "0:00:03"]
[BlackClock "0:00:18"]

1. d4 Nf6 2. c4 e6 3. g3 Bb4+ 4. Nd2 O-O 5. Bg2 d5 6. Nf3 dxc4 7. Qc2 b5 8. a4 c6 9. O-O a6 10. b3 cxb3 11. Nxb3 bxa4 12. Rxa4 a5 13. Ne5 Nd5 14. Bb2 Ba6 15. Rc1 Bb5 16. Raa1 a4 17. Qd1 Na6 18. Nc5 Nxc5 19. dxc5 a3 20. Bd4 f6 21. Nc4 e5 22. Be3 Nc3 23. Qb3 Nxe2+ 24. Kh1 Nxc1 25. Rxc1 a2 26. Nb6+ Kh8 27. Nxa8 Qxa8 28. Ra1 Qa3 29. Qxa3 Bxa3 30. Rxa2 Bb4 31. h4 Rd8 32. Ra7 f5 33. Rc7 e4 34. Bg5 Ra8 35. Be7 h5 36. Bh3 g6 37. Bf6+ Kg8 38. Rg7+ Kf8 39. Rxg6 Be2 40. Bxf5 Bf3+ 41. Kh2 Bxc5 42. Rh6 Ra2 43. Be6 Rxf2+ 44. Kh3 Bg4+ 45. Bxg4 hxg4+ 46. Kxg4 e3 47. Kg5 e2 48. Kg6 Rxf6+ 49. Kxf6 Bd4+ 50. Kg6 e1=Q 51. Rh8+ Bxh8 52. g4 Qxh4 53. g5 Qe4+ 54. Kh6 Bg7+ 55. Kh5 Kf7 56. g6+ Qxg6+ 57. Kh4 Be5 58. Kh3 Qg3# 0-1


[Site "https://www.chess.com"]

[Event "Titled Tuesday Blitz May 16 Early 2023"]
[White "Gatterer, Florian"]
[Black "Filgueira, Hernan"]
[WhiteFideId "811688"]
[BlackFideId "101770"]
[WhiteElo "2221"]
[BlackElo "2363"]
[Result "0-1"]
[Round "10"]
[TimeControl "180+2"]
[Date "2023.05.16"]
[WhiteClock "0:00:00"]
[BlackClock "0:00:49"]

1. d4 Nf6 2. Bg5 Ne4 3. Bf4 c5 4. f3 Nf6 5. d5 d6 6. c4 e5 7. Bg3 e4 8. Nc3 Qa5 9. Qa4+ Qxa4 10. Nxa4 Be7 11. Nc3 Bf5 12. Bf4 h5 13. h4 Na6 14. Nb5 Kd7 15. a3 Rhe8 16. Nh3 Bxh3 17. Rxh3 Bf8 18. Kf2 Nc7 19. Nxc7 Kxc7 20. b4 b6 21. e3 g6 22. Be2 Bg7 23. Rb1 Nd7 24. Rhh1 exf3 25. gxf3 Bf6 26. e4 cxb4 27. axb4 a5 28. c5 bxc5 29. bxa5 Rxa5 30. Bb5 Ra2+ 31. Kg3 Rd8 32. Bc6 Nb6 33. Rb5 Bd4 34. Rhb1 Ra6 35. R5b3 f6 36. Be3 Bxe3 37. Rxe3 Rb8 38. Reb3 Ra7 39. Kf4 Nd7 40. Bxd7 Rxb3 41. Rxb3 Kxd7 42. Rb6 Rc7 43. Rb3 c4 44. Rc3 Ke7 45. Ke3 g5 46. hxg5 fxg5 47. f4 g4 48. e5 h4 49. Ke4 h3 0-1


[Site "https://www.chess.com"]

[Event "Titled Tuesday Blitz May 16 Early 2023"]
[White "Seinw1"]
[Black "Bogaudinov, Rushan"]
[BlackFideId "4129288"]
[WhiteElo "2542"]
[BlackElo "1941"]
[Result "0-1"]
[Round "10"]
[TimeControl "180+2"]
[Date "2023.05.16"]
[WhiteClock "0:00:06"]
[BlackClock "0:00:08"]

1. e4 c5 2. Nf3 e6 3. d4 cxd4 4. Nxd4 Nf6 5. Nc3 Bb4 6. e5 Nd5 7. Qg4 Kf8 8. Bd2 h5 9. Qf3 Nxc3 10. Bxc3 Be7 11. O-O-O Nc6 12. Nb5 f5 13. exf6 gxf6 14. Nd6 Bxd6 15. Bxf6 Qc7 16. Be5+ Ke8 17. Bxd6 Qa5 18. Bd3 Qg5+ 19. Kb1 b6 20. h4 Qg7 21. g4 hxg4 22. Qe3 Bb7 23. h5 Ne7 24. Rhg1 Rxh5 25. f3 Rg5 26. fxg4 Rxg4 27. Rxg4 Qxg4 28. Rg1 Nf5 29. Bxf5 Qxf5 30. Rg8+ Kf7 31. Rg1 Rg8 32. Re1 Rg2 33. Qc3 Be4 34. Rc1 Qd5 35. Bb4 a5 36. Ba3 Qc6 37. Qe3 b5 38. Qf4+ Bf5 39. Ka1 b4 40. Qh6 bxa3 41. Qh5+ Ke7 42. Qh4+ Kf7 43. Qd4 axb2+ 44. Kxb2 Qd5 45. Qxd5 exd5 46. Kc3 Be4 47. Kd4 Ke6 48. Rf1 Rd2+ 49. Kc5 Rxc2+ 50. Kb6 Ke5 51. Kxa5 Rxa2+ 52. Kb6 Rc2 53. Rf8 Rc6+ 54. Kb7 d4 55. Kb8 d3 56. Re8+ Re6 57. Rf8 d5 58. Rf1 Kd4 59. Re1 d2 60. Rd1 Ke3 61. Kc7 Ke2 0-1


[Site "https://www.chess.com"]

[Event "Titled Tuesday Blitz May 16 Early 2023"]
[White "Tomiello, Mateus Costamilan"]
[Black "Rodchenkov, Sergey D."]
[WhiteFideId "22701958"]
[BlackFideId "4168712"]
[WhiteElo "1990"]
[BlackElo "2277"]
[Result "1-0"]
[Round "10"]
[TimeControl "180+2"]
[Date "2023.05.16"]
[WhiteClock "0:00:17"]
[BlackClock "0:00:00"]

1. e4 c5 2. Nf3 d6 3. d4 cxd4 4. Nxd4 Nf6 5. Nc3 a6 6. Be2 e5 7. Nb3 Be7 8. O-O O-O 9. Be3 Nbd7 10. Qd3 b6 11. Nd5 Nxd5 12. exd5 f5 13. f4 a5 14. a4 Ba6 15. Qd2 Bb7 16. Rad1 Kh8 17. Bb5 Rc8 18. c4 Nf6 19. Qd3 Ng4 20. Bc1 Bf6 21. h3 e4 22. Qe2 Nh6 23. Nd4 Qe7 24. Ne6 Rg8 25. b3 Ra8 26. g4 fxg4 27. hxg4 Bc3 28. g5 Nf5 29. Qxe4 Ng3 30. Qd3 Nxf1 31. Qxc3 Bc8 32. Rxf1 Bxe6 33. dxe6 Qxe6 34. Bc6 Rae8 35. Bd5 Qg4+ 36. Bg2 Re2 37. Rf2 Rge8 38. Qf3 Re1+ 39. Rf1 Qxf3 40. Bxf3 Rxf1+ 41. Kxf1 g6 42. Bb2+ Kg8 43. Bd5+ Kf8 44. Kf2 Rc8 45. Bd4 Rb8 46. Ke3 Re8+ 47. Kf3 Re1 48. Bxb6 Rb1 49. Bxa5 Rxb3+ 50. Ke4 Ra3 51. Bb4 Rxa4 52. Bxd6+ Ke8 53. Ke5 Ra1 54. c5 Rd1 55. Be6 Re1+ 56. Kf6 Rc1 57. Bf7+ Kd7 58. Kg7 Rh1 59. Bg8 Kc6 60. Bxh7 Rh4 61. Bxg6 Rh1 62. Be4+ 1-0


[Site "https://www.chess.com"]